 Dungeon Crawl Stone Soup version 0.27.1-1-g398f81649c (webtiles) character file.

Game seed: 13579539372632732681

6 H0rd4k the Insei (level 1, -2/13 HPs)
             Began as an Octopode Transmuter on Sept 13, 2021.
             Slain by a quokka (4 damage)
             ... on level 2 of the Dungeon.
             The game lasted 00:00:27 (392 turns).

H0rd4k the Insei (Octopode Transmuter)               Turns: 392, Time: 00:00:28

Health: -2/13      AC:  1    Str:  9    XL:     1   Next: 90%
Magic:  3/3        EV: 13    Int: 15    God:
Gold:   7          SH:  0    Dex: 12    Spells: 3/4 levels left

rFire    . . .     SeeInvis .     - Unarmed
rCold    . . .     Faith    .   (no shield)
rNeg     . . .     Spirit   .   (helmet restricted)
rPois    .         Reflect  .   (no amulet)
rElec    .         Harm     .   (no ring)
rCorr    .         Rampage  .   (no ring)
Will     .....                  (no ring)
Stlth    ++........             (no ring)
HPRegen  0.04/turn              (no ring)
MPRegen  0.08/turn              (no ring)
                                (no ring)
                                (no ring)

@: no status effects
A: almost no armour, amphibious, 8 rings, camouflage 1, gelatinous body 1,
(nimble swimmer 1), tentacles
a: no special abilities


You were on level 2 of the Dungeon.
You visited 1 branch of the dungeon, and saw 2 of its levels.

You collected 7 gold pieces.

Inventory:

Scrolls
 b - a scroll of fog {unknown}
 c - a scroll of enchant armour {unknown}
Potions
 a - 2 potions of flight {unknown}


   Skills:
 + Level 1.0 Fighting
 + Level 2.2 Dodging
 + Level 3.2 Unarmed Combat
 * Level 2.0 Spellcasting
 * Level 2.0 Transmutations


You had 3 spell levels left.
You knew the following spells:

 Your Spells              Type           Power      Damage    Failure   Level
a - Beastly Appendage     Tmut           14%        N/A       10%         1

Your spell library contained the following spells:

 Spells                   Type           Power      Damage    Failure   Level
 Wereblood                Tmut           7%         N/A       14%         2
 Spider Form              Tmut/Pois      2%         N/A       41%         3
 Ice Form                 Ice/Tmut       4%         N/A       82%         4


Dungeon Overview and Level Annotations

Branches:
Dungeon (1/15)

Altars:

Shops:
D:1 ?


Innate Abilities, Weirdness & Mutations

You cannot wear most types of armour.
You are amphibious.
You can wear up to eight rings at the same time.
Your skin changes colour to match your surroundings (Stealth+).
Your rubbery body absorbs attacks. (AC +1, EV +1)
((You are camouflaged near water. (Stealth+)))
You have tentacles for arms and can constrict up to eight enemies at once.


Message History

You closely miss the bat. Your grab misses the bat.
The bat is moderately wounded.
The bat barely misses you. x2
You tentacle-slap the bat.
You kill the bat!
No target in view!
No target in view!
Found Dimn's Magic Scroll Emporium.
There is an entrance to Dimn's Magic Scroll Emporium here.
You fall into a shaft and drop 1 floor!
The shaft crumbles and collapses.
c - a scroll labelled QAR FYIFIANEPP A quokka and a hobgoblin come into view.
There are monsters nearby!
There are monsters nearby!
The helpless hobgoblin fails to defend itself.
You tentacle-slap the hobgoblin but do no damage.
Your grab misses the hobgoblin. The hobgoblin hits you.
You closely miss the hobgoblin. You grab the hobgoblin.
You constrict the hobgoblin, but do no damage.
You tentacle-slap the hobgoblin.
The hobgoblin is heavily wounded.
You constrict the hobgoblin, but do no damage.
The hobgoblin hits you. The quokka barely misses you.
You barely miss the hobgoblin.
The hobgoblin is heavily wounded.
You constrict the hobgoblin. The quokka bites you.
The hobgoblin closely misses you.
You are too injured to fight recklessly!
You are too injured to fight recklessly!
You are too injured to fight recklessly!
You are too injured to fight recklessly!
Unknown command.
You release your grip on the hobgoblin.
The quokka bites you.
* * * LOW HITPOINT WARNING * * *
You closely miss the quokka. Your grab misses the quokka.
The quokka completely misses you.
You tentacle-slap the quokka but do no damage.
Your grab misses the quokka. The quokka bites you.
You die...

## ##.
##..##
#..#@#
#.r##
##....#
##..##
.## ##


You could see a quokka.

Vanquished Creatures
  A giant cockroach (D:1)
  A kobold (D:1)
  2 quokkas (D:1)
  A bat (D:1)
5 creatures vanquished.

Notes
Turn   | Place    | Note
-------+----------+-------------------------------------------
     0 | D:1      | H0rd4k the Octopode Transmuter began the quest for the Orb.
     0 | D:1      | Reached XP level 1. HP: 13/13 MP: 3/3
   349 | D:1      | Found Dimn's Magic Scroll Emporium.
   383 | D:1      | You fall into a shaft and drop 1 floor!
   392 | D:2      | Slain by a quokka

Illustrated notes

Levels and vault maps discovered:
D:1:      heliophobic_arrival_battle_scene, layout_basic, serial_shops, shop,
          nrook_mini_vaults, serial_bayou_crossing
D:2:      minmay_alternating_diamond, layout_basic, basic_ecumenical_altar,
          uniq_natasha

Action                   || total
-------------------------++-------
Melee: Unarmed           ||    22
       Constrict         ||     7
       Tentacles         ||     2
       Punch             ||     1
 Stab: Sleeping          ||     2
Armor: Skin              ||     1
Dodge: Dodged            ||    16
